 Dungeon Crawl Stone Soup version 0.16-b1 (webtiles) character file.

6888 abixa the Thrower (level 11, -3/172 HPs)
             Began as an Ogre Berserker on Mar 7, 2015.
             Was a High Priest of Trog.
             Slain by an anaconda (4 damage)
             ... on level 10 of the Dungeon.
             The game lasted 00:48:44 (10917 turns).

abixa the Thrower (Ogre Berserker)                 Turns: 10917, Time: 00:48:44

Health: -3/172     AC:  1    Str: 29    XL:     11   Next: 6%
Magic:  0/11       EV: 12    Int:  6    God:    Trog [*****.]
Gold:   777        SH:  0    Dex: 12    Spells: 0 memorised, 10 levels left

rFire  + . .     SeeInvis .     a - +8 club
rCold  . . .     Clarity  .     E - +0 animal skin
rNeg   . . .     SustAb   .     (shield restricted)
rPois  .         Gourm    .     (helmet restricted)
rElec  .         Spirit   +     o - -3 cloak of Wompaj {MR+ Regen+}
rCorr  .         Warding  .     (gloves unavailable)
rMut   .         Stasis   .     (boots unavailable)
MR     ++...                    P - amulet of guardian spirit
Stlth  ..........               u - ring of stealth
                                e - ring of protection from fire

@: berserking, constricted, very quick, very resistant to hostile enchantments,
extremely unstealthy
A: unfitting armour, tough skin 1
a: Burn Spellbooks, Berserk, Trog's Hand, Brothers in Arms, Renounce Religion


You were on level 10 of the Dungeon.
You worshipped Trog.
Trog was extremely pleased with you.
You were hungry.

You visited 2 branches of the dungeon, and saw 12 of its levels.

You collected 777 gold pieces.

Inventory:

Hand weapons
 a - a +8 club (weapon)
 b - a +0 blowgun
 d - a +2 greatsling of freezing
 H - the +6 arbalest "Hellfire" {hellfire, rF++ rC- MR+}
   (You found it on level 5 of the Dungeon)

   It greatly protects you from fire.
   It makes you vulnerable to cold.
   It affects your resistance to hostile enchantments.
 I - a +2 trident of venom
Missiles
 f - 310 stones (quivered)
 i - 7 javelins
 k - 8 tomahawks
 l - 12 poisoned sling bullets
 m - 32 poisoned needles
 q - 2 poisoned javelins
 x - 17 sling bullets
 J - 28 bolts
 M - 8 steel javelins
 Q - 6 steel tomahawks
 Y - 3 throwing nets
Armour
 o - the -3 cloak of Wompaj (worn) {MR+ Regen+}
   (You found it on level 5 of the Dungeon)

   It affects your resistance to hostile enchantments.
   It increases your rate of regeneration.
 E - a +0 animal skin (worn)
 F - a +2 cloak of poison resistance
Rods
 Z - a -1 iron rod (11/11)
   (You found it on level 9 of the Dungeon)
Jewellery
 e - a ring of protection from fire (left hand)
 s - an uncursed amulet of resist mutation
 u - a ring of stealth (right hand)
 P - an amulet of guardian spirit (around neck)
 R - an uncursed amulet of rage
 W - an uncursed ring of protection from fire
Magical devices
 h - a wand of polymorph (1)
 j - a wand of polymorph (11)
 G - a wand of polymorph (20)
 N - a wand of polymorph (21)
 S - a wand of enslavement (11)
Scrolls
 g - 3 scrolls of blinking
 w - 9 scrolls of remove curse
Potions
 n - 8 potions of curing
 v - 2 potions of magic
 A - 2 potions of heal wounds
Comestibles
 c - 4 meat rations
 p - a slice of pizza
 y - a beef jerky
 B - 13 bread rations
 L - 2 fruits
 U - a royal jelly


   Skills:
 + Level 9.4 Fighting
 + Level 11.1 Maces & Flails
 * Level 11.8 Throwing
 - Level 1.5 Armour
 + Level 6.5 Dodging


You had 10 spell levels left.
You didn't know any spells.

Dungeon Overview and Level Annotations

Branches:
Dungeon (11/15)            Temple (1/1) D:5
   Lair: D:8-11         Orc: D:9-12

Altars:
Ashenzari
Cheibriados
Dithmenos
Elyvilon
Fedhas
Gozag
Kikubaaqudgha
Makhleb
Nemelex Xobeh
Okawaru
Qazlal
Ru
Sif Muna
Trog
Vehumet
Xom
Yredelemnul
Zin
The Shining One

Annotations:
D:10 !STASH


Innate Abilities, Weirdness & Mutations

You are too large for most types of armour.
You have tough skin (AC +1).


Message History

The anaconda is moderately wounded.
The anaconda bites you!
* * * LOW HITPOINT WARNING * * *
x2 The anaconda constricts you.
You are too berserk!
You thump the anaconda!
The anaconda is heavily wounded.
The anaconda bites you!
* * * LOW HITPOINT WARNING * * *
x2 The anaconda constricts you.
You bludgeon the anaconda!!
The anaconda is almost dead.
The anaconda bites you!
* * * LOW HITPOINT WARNING * * *
x2 The anaconda constricts you.
You sock the anaconda!
The anaconda is almost dead.
The anaconda bites you!!
* * * LOW HITPOINT WARNING * * *
You die...

.........#....######.....#).....#..
...................................
..........................<........
[..................................
....)..............................
......[...)......?................#
.)......######........#...........#
##......# #..[..................
###.....# #..S@.........#.......
..##..### ###...#.......##......
..##..# #...###.....###./...
''#..##### #...# ##...## #.....
.....#...# ##### ##...# #.....
........)# #...## ###### .........#
#...# .......#### #...##
..<)......# ##...#


You could see an anaconda.

Vanquished Creatures
  A gargoyle (D:10)
  A troll (D:10)
  A deep elf mage (D:10)
  A trapdoor spider (D:9)
  A spriggan (D:9)
  3 yaks (D:10)
  A hippogriff (D:9)
  2 hungry ghosts
  A wolf (D:10)
  A water moccasin (D:7)
  4 orc warriors
  2 ice beasts
  A wasp (D:9)
  3 ogres
  3 sky beasts
  3 centaurs (D:9)
  3 phantoms
  4 gnoll sergeants (D:10)
  A wyvern skeleton (D:9)
  5 giant frogs
  2 scorpions
  9 killer bees
  A goliath beetle (D:9)
  4 crimson imps
  3 giant frog zombies
  5 jellies
  A wasp zombie (D:8)
  6 hounds
  A gnoll shaman (D:10)
  2 iguanas
  9 orc priests
  3 giant frog skeletons
  A centaur skeleton (D:10)
  5 orc wizards
  12 worker ants
  Ijyb (D:2)
  Jessica (D:2)
  Terence (D:2)
  3 hound skeletons
  11 gnolls (D:10)
  11 adders
  2 giant mites
  A worm (D:2)
  A shadow imp (D:8)
  2 adder zombies (D:6)
  2 adder skeletons
  A giant gecko (D:3)
  An ooze (D:3)
  43 orcs
  13 bats
  A bat skeleton (D:8)
  A bat zombie (D:7)
  2 giant cockroaches (D:3)
  10 goblins
  12 hobgoblins
  9 jackals
  19 kobolds
  3 quokkas
  2 ball pythons
  2 giant gecko skeletons
  4 giant newts
  12 rats
  A plant (D:2)
278 creatures vanquished.

Notes
Turn   | Place    | Note
--------------------------------------------------------------
     0 | D:1      | abixa, the Ogre Berserker, began the quest for the Orb.
     0 | D:1      | Reached XP level 1. HP: 24/24 MP: 1/1
   205 | D:1      | Reached skill level 1 in Throwing
   205 | D:1      | Reached XP level 2. HP: 22/32 MP: 2/2
   980 | D:2      | Found a shadowy altar of Dithmenos.
  1005 | D:2      | Reached XP level 3. HP: 35/39 MP: 3/3
  1069 | D:2      | Acquired Trog's second power
  1125 | D:2      | Noticed Ijyb
  1132 | D:2      | Killed Ijyb
  1291 | D:2      | Noticed Jessica
  1295 | D:2      | Killed Jessica
  1295 | D:2      | Reached skill level 5 in Maces & Flails
  1295 | D:2      | Reached XP level 4. HP: 30/48 MP: 4/4
  1411 | D:2      | Noticed Terence
  1492 | D:2      | Killed Terence
  1686 | D:2      | Found an opulent altar of Gozag.
  1686 | D:2      | Found a sparkling altar of Nemelex Xobeh.
  1957 | D:3      | Reached XP level 5. HP: 49/54 MP: 5/5
  2233 | D:3      | Found a white marble altar of Elyvilon.
  2347 | D:3      | Noticed a sky beast
  2421 | D:3      | Found an ancient bone altar of Kikubaaqudgha.
  2641 | D:3      | Killed a sky beast
  2641 | D:3      | Reached skill level 6 in Maces & Flails
  2641 | D:3      | Reached XP level 6. HP: 35/62 MP: 6/6
  2817 | D:3      | Reached skill level 5 in Throwing
  3693 | D:4      | Reached XP level 7. HP: 62/70 MP: 7/7
  3717 | D:4      | Acquired Trog's third power
  3925 | D:5      | Entered Level 5 of the Dungeon
  3927 | D:5      | Found a staircase to the Ecumenical Temple.
  3936 | Temple   | Entered the Ecumenical Temple
  4449 | D:5      | Reached skill level 7 in Maces & Flails
  4661 | D:5      | Got an encrusted cloak
  4672 | D:5      | Identified the -3 cloak of Wompaj {MR+ Regen+} (You found it on level 5 of the Dungeon)
  4816 | D:5      | Found a basalt altar of Yredelemnul.
  5109 | D:5      | Reached skill level 5 in Fighting
  5109 | D:5      | Reached XP level 8. HP: 31/80 MP: 8/8
  5525 | D:6      | Reached skill level 8 in Maces & Flails
  5530 | D:6      | Found a blossoming altar of Fedhas.
  6175 | D:6      | Received a gift from Trog
  6533 | D:7      | Reached XP level 9. HP: 83/89 MP: 9/9
  6882 | D:7      | Found a burning altar of Makhleb.
  6888 | D:7      | Reached skill level 9 in Maces & Flails
  6987 | D:7      | Found a bloodstained altar of Trog.
  7100 | D:7      | Received a gift from Trog
  7993 | D:8      | Found a radiant altar of Vehumet.
  8085 | D:8      | Found a shimmering altar of Xom.
  8085 | D:8      | Found a glowing golden altar of the Shining One.
  8364 | D:9      | Received a gift from Trog
  8369 | D:9      | Reached skill level 10 in Throwing
  8393 | D:9      | Reached skill level 5 in Dodging
  8393 | D:9      | Reached XP level 10. HP: 101/104 MP: 10/10
  8396 | D:9      | Reached skill level 10 in Maces & Flails
  9284 | D:10     | Entered Level 10 of the Dungeon
  9286 | D:10     | Reached skill level 11 in Throwing
  9478 | D:10     | Received a gift from Trog
  9753 | D:10     | Received a gift from Trog
  9939 | D:10     | Received a gift from Trog
 10065 | D:10     | Reached XP level 11. HP: 66/115 MP: 7/11
 10785 | D:11     | Noticed a hill giant
 10906 | D:10     | Noticed an anaconda
 10906 | D:10     | a hill giant changed into an anaconda
 10917 | D:10     | HP: 1/172 [anaconda (17)]
 10917 | D:10     | Slain by an anaconda

Action                   |  1- 3 |  4- 6 |  7- 9 | 10-12 || total
-------------------------+-------+-------+-------+-------++-------
Melee: Mace              |    94 |       |       |       ||    94
       Club              |     3 |   157 |   236 |   156 ||   552
       Trident           |       |       |     1 |     6 ||     7
 Fire: Blowgun           |       |       |    18 |    16 ||    34
       Arbalest          |       |       |    26 |    23 ||    49
       Greatsling        |       |       |       |     3 ||     3
Throw: Stone             |    33 |   102 |   152 |   113 ||   400
       Javelin           |       |       |     2 |       ||     2
Invok: Berserk           |     1 |       |     2 |     3 ||     6
       Trog's Hand       |       |       |       |     1 ||     1
       Burn Spellbooks   |       |       |       |     1 ||     1
Evoke: Wand              |       |       |       |     2 ||     2
  Use: Scroll            |       |       |     8 |     1 ||     9
 Stab: Distracted        |       |       |     1 |       ||     1
  Eat: Chunk             |     2 |     8 |    14 |    10 ||    34
       Pizza             |       |       |     1 |       ||     1
       Fruit             |       |       |     1 |     1 ||     2
